 Dungeon Crawl Stone Soup version 0.24.0-1-gfbc8707122 (webtiles) character file.

Game seed: 3952883172670387432, levelgen mode: deterministic

1017 Emblim88 the Archer (level 8, 0/68 HPs)
             Began as a Centaur Hunter on Oct 27, 2019.
             Was a Follower of the Shining One.
             Slain by an orc warrior
             ... wielding a +0 flail
              (12 damage)
             ... on level 6 of the Dungeon.
             The game lasted 00:09:26 (6270 turns).

Emblim88 the Archer (Centaur Hunter)                Turns: 6270, Time: 00:09:27

Health: 0/68       AC:  8    Str: 15    XL:     8   Next: 2%
Magic:  10/10      EV:  8    Int: 15    God:    the Shining One [*.....]
Gold:   292        SH:  0    Dex: 12    Spells: 7/7 levels left

rFire    . . .     SeeInvis .   s - +0 falchion (elec)
rCold    . . .     Gourm    .   (no shield)
rNeg     . . .     Faith    .   x - +0 ring mail (curse)
rPois    +         Spirit   .   t - +0 helmet
rElec    .         Reflect  .   u - +0 cloak
rCorr    +         Harm     .   n - +0 pair of gloves
MR       .....                  (no barding)
Stlth    ..........             (no amulet)
HPRegen  0.21/turn              c - ring of poison resistance
MPRegen  0.12/turn              v - ring of resist corrosion

@: confused, brilliant, glowing, very quick
A: large, hooves 3, deformed body, speed 2, tough skin 3
a: Renounce Religion


You were on level 6 of the Dungeon.
You worshipped the Shining One.
The Shining One was aware of your devotion.
You were not hungry.

You visited 2 branches of the dungeon, and saw 7 of its levels.

You collected 292 gold pieces.

Inventory:

Hand Weapons
 a - a +1 shortbow
 s - a +0 falchion of electrocution (weapon)
Missiles
 d - 65 arrows
 h - 231 stones (quivered)
Armour
 n - a +0 pair of gloves (worn)
 t - a +0 helmet (worn)
 u - a +0 cloak (worn)
 x - a cursed +0 ring mail (worn)
Jewellery
 c - a ring of poison resistance (left hand)
 v - a ring of resist corrosion (right hand)
 z - an uncursed amulet of magic regeneration {unknown}
Wands
 e - a wand of digging (1)
 p - a wand of random effects (15)
Scrolls
 b - 6 scrolls of remove curse
 g - a scroll of enchant armour
 j - a scroll of fear
 k - a scroll of noise
 l - a scroll of teleportation
 y - a scroll of enchant weapon {unknown}
Potions
 i - a potion of might {unknown}
 m - a potion of mutation {unknown}
 q - a potion of brilliance
 r - a potion of haste {unknown}
 w - a potion of heal wounds {unknown}
Comestibles
 f - 9 rations


   Skills:
 + Level 5.1 Fighting
 * Level 10.3 Bows
 - Level 1.3 Dodging
 - Level 0.4 Stealth
 + Level 3.5 Evocations


You had 7 spell levels left.
You didn't know any spells.
Your spell library was empty.

Dungeon Overview and Level Annotations

Branches:
Dungeon (6/15)             Temple (1/1) D:4

Altars:
Ashenzari
Cheibriados
Dithmenos
Elyvilon
Fedhas
Gozag
Hepliaklqana
Kikubaaqudgha
Makhleb
Nemelex Xobeh
Okawaru
Qazlal
Ru
Sif Muna
Uskayaw
Vehumet
Wu Jian
Xom
Yredelemnul
Zin
The Shining One


Innate Abilities, Weirdness & Mutations

You have hooves in place of feet.
Armour fits poorly on your strangely shaped body.
You cover ground very quickly.
You have extremely tough skin. (AC +3)


Message History

The orc warrior is moderately wounded.
The orc warrior hits you with a +0 flail.
* * * LOW HITPOINT WARNING * * *
Okay, then.
You hear the crackle of electricity.
s - a +0 falchion of electrocution (weapon)
The orc priest invokes the aid of Beogh against you.
Beogh smites you!
* * * LOW HITPOINT WARNING * * *
It was a potion of brilliance.
You feel clever all of a sudden. The orc warrior barely misses you.
You riposte.
You hit the orc warrior but do no damage.
The orc warrior is moderately wounded.
The orc priest hits you but does no damage.
It was a potion of ambrosia.
You are confused.
You feel invigorated.
The orc warrior hits you with a +0 flail!
You die...

....##.# #.#
####(.....## #.#
#.......{... #.#.#
#......o.... #.#.#
#...(..o.... #.#.#
#.#####(##########.#.#
......o(.........).#.###
..#####o#####...........
#@#####...........
#............)....
#.......######)###
........# #.# #.......#
#.# #(......# #.#
#.......# #.# #########
#.# #.#


You could see an orc warrior and an orc priest.

Vanquished Creatures
  A sky beast (D:5)
  A phantom (D:4)
  2 ogres (D:5)
  A bullfrog (D:4)
  An orc priest (D:4)
  6 orc wizards
  Jessica (D:2)
  A bullfrog skeleton (D:5)
  Ijyb (D:4)
  An iguana (D:4)
  4 worker ants
  Robin (D:4)
  5 adders
  A shadow imp (D:5)
  An adder skeleton (D:6)
  A worm (D:2)
  4 dart slugs
  6 leopard geckos
  16 orcs
  3 ball pythons
  5 bats
  4 giant cockroaches
  19 goblins
  14 hobgoblins
  7 jackals
  10 kobolds
  3 quokkas
  3 frilled lizards
  A leopard gecko skeleton (D:4)
  5 rats
129 creatures vanquished.

Notes
Turn   | Place    | Note
-------+----------+-------------------------------------------
     0 | D:1      | Emblim88 the Centaur Hunter began the quest for the Orb.
     0 | D:1      | Reached XP level 1. HP: 17/17 MP: 1/1
    63 | D:1      | Reached XP level 2. HP: 24/24 MP: 2/2
    89 | D:1      | Reached skill level 6 in Bows
   765 | D:1      | Reached XP level 3. HP: 23/30 MP: 3/3
  1841 | D:2      | Found a faded altar of an unknown god.
  1923 | D:2      | Found an ornate altar of the Wu Jian Council.
  1926 | D:2      | Found an ancient bone altar of Kikubaaqudgha.
  1929 | D:2      | Found a blossoming altar of Fedhas.
  1978 | D:2      | Noticed Jessica
  1994 | D:2      | Killed Jessica
  1994 | D:2      | Reached skill level 7 in Bows
  1994 | D:2      | Reached XP level 4. HP: 4/38 MP: 4/4
  3302 | D:3      | Reached XP level 5. HP: 43/45 MP: 5/5
  3946 | D:4      | Reached skill level 1 in Evocations
  3966 | D:4      | Reached skill level 8 in Bows
  3971 | D:4      | Found a staircase to the Ecumenical Temple.
  4017 | Temple   | Entered the Ecumenical Temple
  4314 | Temple   | Became a worshipper of the Shining One
  4410 | D:4      | Noticed Robin
  4425 | D:4      | Killed Robin
  4425 | D:4      | Reached XP level 6. HP: 22/52 MP: 7/7
  4682 | D:4      | Noticed Ijyb
  4695 | D:4      | Killed Ijyb
  5185 | D:5      | Entered Level 5 of the Dungeon
  5331 | D:5      | Reached skill level 9 in Bows
  5331 | D:5      | Reached XP level 7. HP: 42/60 MP: 8/8
  5756 | D:5      | Reached * piety under the Shining One
  5862 | D:5      | Reached skill level 10 in Bows
  6211 | D:6      | Reached skill level 5 in Fighting
  6260 | D:6      | Reached XP level 8. HP: 46/68 MP: 10/10
  6270 | D:6      | Slain by an orc warrior

Levels and vault maps discovered:
D:1:      minmay_arrival_glassed_features, layout_rooms
D:2:      lemuel_upstairs_altar, layout_basic, grunt_temple_overflow_diamond,
          chequers_ecumenical_altar_grove, uniq_jessica
D:3:      layout_loops_ring
D:4:      layout_cave_pools, minmay_temple_entry_trees, first_ration, uniq_ijyb,
          uniq_robin
D:5:      layout_gridville
D:6:      layout_basic
Temple:   dpeg_five_rooms_temple

Skill      XL: |  1  2  3  4  5  6  7 |
---------------+----------------------+-----
Bows           | 6 7 8 9 10 | 10.3
Fighting       | 3 4 5 |  5.1
Evocations     | 1 2 3 |  3.5
Dodging        | |  1.3
Stealth        | |  0.4

Action                   |  1- 3 |  4- 6 |  7- 9 || total
-------------------------+-------+-------+-------++-------
Melee: Short sword       |    86 |    48 |       ||   134
       Kick              |    10 |    23 |       ||    33
       Falchion          |       |    70 |       ||    70
 Fire: Shortbow          |    35 |    64 |   102 ||   201
Throw: Stone             |       |     5 |       ||     5
  Use: Scroll            |       |     3 |     2 ||     5
       Potion            |       |       |     2 ||     2
  Eat: Chunk             |     2 |     2 |       ||     4
       Ration            |       |     2 |     1 ||     3
Armor: Leather armour    |    40 |    28 |       ||    68
       Ring mail         |       |    36 |    17 ||    53
Dodge: Dodged            |    42 |    83 |    21 ||   146
       Rpst.: Falchion   |       |    11 |     1 ||    12
